 Dungeon Crawl Stone Soup version 0.27.0-1-g7a089689b8 (webtiles) character file.

Game seed: 16675632670372302577

85 hofbold the Ducker (level 4, -2/35 HPs)
             Began as a Djinni Monk on Aug 3, 2021.
             Slain by a gnoll (10 damage)
             ... on level 2 of the Dungeon on Aug 4, 2021.
             The game lasted 00:06:19 (2821 turns).

hofbold the Ducker (Djinni Monk)                    Turns: 2821, Time: 00:06:20

Health: -2/35      AC:  3    Str: 16    XL:     4   Next: 75%
Gold:   29         EV: 13    Int: 13    God:
                   SH:  0    Dex: 15

rFire    + + .     SeeInvis .   b - +0 halberd
rCold    x . .     Faith    .   (shield currently unavailable)
rNeg     . . .     Spirit   .   d - +0 leather armour
rPois    ∞         Reflect  .   (no helmet)
rElec    .         Harm     .   i - scarf {repulsion}
rCorr    .         Rampage  .   (no gloves)
Will     .....                  (boots unavailable)
Stlth    ++........             (no amulet)
HPRegen  0.11/turn              e - +6 ring of strength
MPRegen  0.00/turn              (no ring)

@: flying, repel missiles
A: sickness immunity, fire resistance 2, cold vulnerability 1, float, innate
caster, hp casting, extra vitality 1
a: no special abilities


You were on level 2 of the Dungeon.
You visited 1 branch of the dungeon, and saw 2 of its levels.

You collected 29 gold pieces.

Inventory:

Hand Weapons
 a - a +0 spear
 b - a +0 halberd (weapon)
Missiles
 g - 2 poisoned darts (quivered)
Armour
 d - a +0 leather armour (worn)
 i - a scarf of repulsion (worn)
Jewellery
 e - a +6 ring of strength (left hand)
Potions
 h - a potion of resistance


   Skills:
 + Level 3.3 Fighting
 + Level 2.8 Polearms
 + Level 1.3 Armour
 + Level 3.7 Dodging
 - Level 1.5 Stealth
 * Level 1.5 Spellcasting


You had 5 spell levels left.
You knew the following spells:

 Your Spells              Type           Power      Damage    Failure   Level
a - Summon Small Mammal   Summ           20%        N/A       17%         1
Your spell library was empty.

Dungeon Overview and Level Annotations

Branches:
Dungeon (2/15)

Altars:
Nemelex Xobeh

Annotations:
D:2 1 runed translucent door, Crazy Yiuf


Innate Abilities, Weirdness & Mutations

You are immune to sickness and miasma.
You are immune to poison.
Your flesh is very heat resistant. (rF++)
You are vulnerable to cold. (rC-)
You float through the air rather than walking.
You learn spells naturally, not from books.
Your magical power is your life essence.
You have superior vitality. (+4 HP)


Message History

Reach: b) +0 halberd
Press: ? - help, Dir - move target, f/p - gnoll
Aim: a gnoll, wielding a +2 vampiric spear (lightly wounded, ally target, about 44% to evade your +0 halberd)
You reach to attack!
You closely miss the gnoll.
The gnoll is lightly wounded.
Your bat disappears in a puff of smoke!
The gnoll barely misses you.
Your rat barely misses the gnoll.
Your rat bites the gnoll but does no damage.
Your rat bites the gnoll but does no damage.
Casting: Summon Small Mammal (safe; 17% risk of failure)
Confirm with . or Enter, or press ? or * to list all spells.
You miscast Summon Small Mammal.
You are very lightly contaminated with residual magic.
Nothing appears to happen.
The gnoll hits you from afar with a +2 vampiric spear.
Your rat bites the gnoll but does no damage.
Casting: Summon Small Mammal (safe; 17% risk of failure)
Confirm with . or Enter, or press ? or * to list all spells.
You miscast Summon Small Mammal.
Nothing appears to happen.
The gnoll barely misses you.
Your rat bites the gnoll but does no damage.
Your rat disappears in a puff of smoke!
Casting: Summon Small Mammal (safe; 17% risk of failure)
Confirm with . or Enter, or press ? or * to list all spells.
The gnoll hits you from afar with a +2 vampiric spear.
* * * LOW HITPOINT WARNING * * *
Unknown command.
The gnoll hits your rat with a +2 vampiric spear!
Your rat dies!
Your rat's corpse disappears in a puff of smoke!
Your magical contamination has completely faded away.
Okay, then.
As you read the scroll labelled HIDUSI OSE ACH, it crumbles to dust.
It is a scroll of amnesia.
You feel forgetful for a moment.
Okay, then.
Okay, then.
Okay, then.
The gnoll hits you from afar with a +2 vampiric spear!
You die...

#....##.#.#....................
#.......#....##...####......#..
#......##....##...# ##......#..
###..g...##....##..§###.......#..
.......####...##..............(..
##<.......#.g.#################.#
##.###....+...# #.#
##.###....#..####♣♣♣♣♣ #..
##.....###......@P.♣.♣♣♣ ### #..
.......# #..........♣..♣#...# #..
###....# #......g..♣♣♣♣.+g..# #..
# #....# #.......P♣♣ ♣♣#..)# #'#
# #....# #.....##♣♣ ### #>#
#....# #####.# ### ####.# ### #
#.# ### #.# #.#


You could see a gnoll.

Vanquished Creatures
  4 gnolls
  An adder (D:2)
  A dart slug (D:1)
  4 endoplasms
  A giant cockroach (D:2)
  2 goblins
  5 hobgoblins (D:1)
  5 jackals (D:2)
  A quokka (D:1)
  2 ball pythons
  6 bats
  2 frilled lizards
  2 kobolds
  A rat (D:2)
37 creatures vanquished.

Vanquished Creatures (collateral kills)
  An endoplasm (D:2)
  A goblin (D:1)
  A kobold (D:1)
3 creatures vanquished.

Grand Total: 40 creatures vanquished

Notes
Turn   | Place    | Note
-------+----------+-------------------------------------------
     0 | D:1      | hofbold the Djinni Monk began the quest for the Orb.
     0 | D:1      | Reached XP level 1. HP: 20/20 MP: 0/0
     5 | D:1      | You are sucked into a shaft and drop 1 floor!
    70 | D:2      | Found a sparkling altar of Nemelex Xobeh.
   157 | D:2      | Reached XP level 2. HP: 12/25 MP: 0/0
   480 | D:2      | Reached XP level 3. HP: 23/30 MP: 0/0
   480 | D:2      | Learned a level 1 spell: Summon Small Mammal
   631 | D:1      | Reached skill level 1 in Spellcasting
   869 | D:2      | Found a runed translucent door.
   870 | D:2      | Noticed Crazy Yiuf
  1004 | D:2      | Reached skill level 1 in Armour
  1558 | D:1      | Found a faded altar of an unknown god.
  1589 | D:1      | Reached XP level 4. HP: 22/35 MP: 0/0
  2821 | D:2      | Slain by a gnoll

Illustrated notes

Levels and vault maps discovered:
D:1:      lemuel_arrival_funnel, layout_rooms, chequers_ecumenical_altar_simple,
          feat_on_display
D:2:      layout_basic, basic_altar, uniq_crazy_yiuf_cottage

Skill      XL: |  1  2  3 |
---------------+----------+-----
Spellcasting   | 1 |  1.5
Armour         | 1 |  1.3
Fighting       | |  3.3
Polearms       | |  2.8
Dodging        | |  3.7
Stealth        | |  1.5

Action                   |  1- 3 |  4- 6 || total
-------------------------+-------+-------++-------
Melee: Spear             |   126 |    38 ||   164
       Halberd           |       |     2 ||     2
Throw: Stone             |     2 |       ||     2
       Dart              |     1 |     8 ||     9
 Cast: Summon Small Mamm |    15 |    10 ||    25
  Use: Scroll            |       |     2 ||     2
 Stab: Sleeping          |     2 |     2 ||     4
Armor: Robe              |     5 |       ||     5
       Leather armour    |    11 |     7 ||    18
Dodge: Dodged            |    81 |    32 ||   113
